 Dungeon Crawl Stone Soup version 0.24.0-1-gfbc8707 (webtiles) character file.

Game seed: 18230730089881595984, levelgen mode: deterministic

16016 qdestroyer the Cleaver (level 12, -8/106 HPs)
             Began as a Minotaur Berserker on Oct 29, 2019.
             Was a High Priest of Trog.
             Mangled by a sixfirhy (10 damage)
             ... in a Gauntlet.
             The game lasted 00:26:08 (9810 turns).

qdestroyer the Cleaver (Minotaur Berserker)         Turns: 9810, Time: 00:26:09

Health: -8/106     AC: 17    Str: 26    XL:     12   Next: 6%
Magic:  3/3        EV:  9    Int:  4    God:    Trog [*****.]
Gold:   587        SH: 18    Dex: 11    Spells: 11/11 levels left

rFire    + . .     SeeInvis .   v - +2 broad axe (antimagic)
rCold    . . .     Gourm    .   o - +0 shield
rNeg     . . .     Faith    .   q - +0 plate armour
rPois    .         Spirit   .   (helmet restricted)
rElec    .         Reflect  +   (no cloak)
rCorr    .         Harm     .   h - +2 pair of gloves
MR       +++..     NoTele   +   (no boots)
Stlth    ..........             b - +5 amulet of reflection
HPRegen  1.27/turn              a - ring of protection from fire
MPRegen  0.08/turn              k - ring of protection from magic

@: regenerating
A: retaliatory headbutt, horns 2
a: Berserk, Trog's Hand, Brothers in Arms, Renounce Religion


You were in a Gauntlet.
You worshipped Trog.
Trog was extremely pleased with you.
You were near starving.

You visited 1 branch of the dungeon, and saw 12 of its levels.
You also visited: Sewer and Gauntlet.

You collected 587 gold pieces.

Inventory:

Hand Weapons
 v - a +2 antimagic broad axe (weapon)
Armour
 h - a +2 pair of gloves (worn)
 o - a +0 shield (worn)
 q - a +0 plate armour (worn)
Jewellery
 a - a ring of protection from fire (left hand)
 b - a +5 amulet of reflection (around neck)
 k - a ring of protection from magic (right hand)
 m - an uncursed ring of positive energy
 u - an uncursed ring of flight
Wands
 f - a wand of polymorph (6)
 n - a wand of paralysis (29)
 z - a wand of iceblast (6)
 B - a wand of random effects (27)
Scrolls
 d - 2 scrolls of remove curse
 g - 11 scrolls of teleportation
 l - a scroll of fog
 s - 2 scrolls of enchant armour
 w - a scroll of enchant weapon
 y - a scroll of magic mapping
Potions
 e - 4 potions of brilliance
 i - 4 potions of curing
 j - 3 potions of lignification
 p - 6 potions of flight
 r - a potion of might
 x - a potion of cancellation {unknown}
 A - 2 potions of heal wounds
Comestibles
 c - 16 rations


   Skills:
 + Level 10.1 Fighting
 + Level 14.6 Axes
 + Level 8.9 Armour
 + Level 4.5 Dodging
 + Level 1.1 Stealth
 + Level 12.1 Shields


You had 11 spell levels left.
You didn't know any spells.
Your spell library was empty.

Dungeon Overview and Level Annotations

Branches:
Dungeon (12/15)            Temple (0/1) D:4            Lair (0/6) D:10
    Orc (0/2) D:10          Sewer (visited)         Gauntlet (1/1)

Altars:
Ashenzari
Cheibriados
Dithmenos
Elyvilon
Kikubaaqudgha
Makhleb
Nemelex Xobeh
Okawaru
Qazlal
Trog
Uskayaw
Vehumet
Yredelemnul

Shops:
D:4 [   D:5 =   D:6 =(   D:9 =   D:11 ((

Annotations:
Gauntlet 16 runed translucent doors, 9 transporters


Innate Abilities, Weirdness & Mutations

You reflexively headbutt those who attack you in melee.
You have a pair of horns on your head.


Message History

You are too injured to fight recklessly!
Unknown command.
You are too injured to fight recklessly!
You are too injured to fight recklessly!
Unknown command.
You are too injured to fight recklessly!
You slash the sixfirhy! Your headbutt misses the sixfirhy.
The sixfirhy is severely wounded.
You hit the sixfirhy. You slash the sixfirhy! You hit the sixfirhy.
The sixfirhy hits you. The sixfirhy shocks you! The sixfirhy hits you.
The sixfirhy shocks you!
* * * LOW HITPOINT WARNING * * *
You block the sixfirhy's attack. The sixfirhy hits you!
* * * LOW HITPOINT WARNING * * *
The sixfirhy shocks you!
* * * LOW HITPOINT WARNING * * *
You block the sixfirhy's attack. The sixfirhy hits you.
* * * LOW HITPOINT WARNING * * *
The sixfirhy shocks you!
You die...

########...###########..###
#.©.#....≈....#.©.#.....#8#
#...#...§8≈...#...#.8...###
#.©.#....≈....#.©.#.....#
########...###########..###
[}©.?..#...#..).©[[..#..#8#
.......#...#..##.##..#..###
######.#...#.##...##.#..#
.#.#.#.#...#.#..@..#.#..###
..©....#...#...3©....#..#8#
#.#.#.##...#.#.333.#.#..###
######.#...#.##...##.#..#
.......#...#..##.##..#..###
......2#...#.3.......#..#8#
########...###########..###
#.©.#...§≈....#.©.#.....#
#...#...≈8≈...#...#.8...###


You could see 4 sixfirhies.

Vanquished Creatures
  Harold (D:8)
  A two-headed ogre (D:11)
  Pikel (D:4)
  An unseen horror (D:10)
  An ugly thing (D:11)
  A manticore (D:11)
  A cyclops (D:7)
  A centaur zombie (D:11)
  A gargoyle (D:11)
  A smoke demon (Gauntlet)
  4 trolls
  A hippogriff (D:9)
  3 slime creatures (D:11)
  Sigmund (D:5)
  A spriggan (D:7)
  11 yaks
  A wyvern (D:11)
  2 hungry ghosts
  A steam dragon (D:9)
  Menkaure (D:4)
  A water moccasin (D:9)
  4 sky beasts
  2 phantoms
  8 ogres
  4 orc warriors (D:10)
  3 slaves (D:4)
  4 ice beasts
  2 black bears (D:10)
  5 centaurs
  5 big kobolds
  6 bullfrogs
  2 gnoll sergeants
  2 wyvern skeletons
  2 scorpions (D:8)
  7 killer bees
  17 wights
  A howler monkey (D:9)
  2 bullfrog zombies
  14 crimson imps
  9 hounds
  4 jellies
  A quasit (D:6)
  9 orc priests
  A gnoll shaman (D:5)
  15 orc wizards
  3 bullfrog skeletons
  An iguana (D:4)
  A merfolk siren (Sewer)
  6 worker ants
  A merfolk avatar (Sewer)
  A hound skeleton (D:7)
  A worker ant zombie (D:10)
  14 gnolls
  5 river rats (Sewer)
  9 adders
  A howler monkey skeleton (D:10)
  3 shadow imps
  An ooze (D:3)
  3 adder skeletons
  An adder zombie (D:9)
  5 dart slugs
  11 leopard geckos
  45 orcs
  9 bats
  7 giant cockroaches
  8 goblins
  8 hobgoblins
  3 jackals
  8 quokkas
  6 ball pythons
  9 frilled lizards
  A jackal skeleton (D:7)
  14 kobolds
  A leopard gecko skeleton (D:3)
  A leopard gecko zombie (D:5)
  2 quokka skeletons
  30 rats
385 creatures vanquished.

Vanquished Creatures (others)
  A centaur (D:7)
  An orc (D:6)
2 creatures vanquished.

Grand Total: 387 creatures vanquished

Notes
Turn   | Place    | Note
-------+----------+-------------------------------------------
     0 | D:1      | qdestroyer the Minotaur Berserker began the quest for the
                  | Orb.
     0 | D:1      | Reached XP level 1. HP: 19/19 MP: 0/0
   112 | D:1      | Reached skill level 4 in Axes
   112 | D:1      | Reached XP level 2. HP: 19/27 MP: 1/1
  1021 | D:2      | Reached ** piety under Trog
  1046 | D:2      | Reached XP level 3. HP: 31/33 MP: 2/2
  1695 | D:3      | Noticed a bullfrog
  1703 | D:3      | Reached skill level 5 in Axes
  1703 | D:3      | Reached XP level 4. HP: 41/41 MP: 3/3
  1703 | D:3      | Killed a bullfrog
  1703 | D:3      | Reached XP level 5. HP: 47/47 MP: 4/4
  1954 | D:3      | Reached skill level 6 in Axes
  1976 | D:3      | Found a glowing drain.
  1982 | D:3      | Reached *** piety under Trog
  1990 | Sewer    | Entered a sewer
  2083 | Sewer    | Reached XP level 6. HP: 51/55 MP: 5/5
  2204 | Sewer    | Reached skill level 1 in Shields
  2422 | D:3      | Reached skill level 5 in Fighting
  2464 | D:3      | Reached **** piety under Trog
  2664 | D:4      | Found Qudocw's Antique Armour Shoppe.
  2671 | D:4      | Noticed a slave
  2671 | D:4      | Noticed a slave
  2671 | D:4      | Noticed a slave
  2672 | D:4      | Noticed Pikel
  2672 | D:4      | Noticed a slave
  2677 | D:4      | Killed a slave
  2685 | D:4      | Paralysed by Pikel for 5 turns
  2694 | D:4      | Killed a slave
  2704 | D:4      | Killed a slave
  2721 | D:4      | Killed Pikel
  2721 | D:4      | Reached skill level 7 in Axes
  2721 | D:4      | Reached skill level 5 in Armour
  2721 | D:4      | Reached XP level 7. HP: 37/61 MP: 6/6
  2965 | D:4      | Noticed Menkaure
  2971 | D:4      | Killed Menkaure
  2971 | D:4      | Reached skill level 8 in Axes
  2990 | D:4      | Reached XP level 8. HP: 68/70 MP: 7/7
  3050 | D:4      | Found a sparkling altar of Nemelex Xobeh.
  3072 | D:4      | Got a pitted turquoise ring
  3257 | D:4      | Reached skill level 9 in Axes
  3262 | D:4      | Found a staircase to the Ecumenical Temple.
  3567 | D:5      | Entered Level 5 of the Dungeon
  3567 | D:5      | Found a burning altar of Makhleb.
  3567 | D:5      | Found a hide-covered altar of Uskayaw.
  3567 | D:5      | Found a bloodstained altar of Trog.
  3567 | D:5      | Found a snail-covered altar of Cheibriados.
  3567 | D:5      | Found an ancient bone altar of Kikubaaqudgha.
  3569 | D:5      | Found a shadowy altar of Dithmenos.
  3570 | D:5      | Found a stormy altar of Qazlal.
  3571 | D:5      | Found a basalt altar of Yredelemnul.
  3572 | D:5      | Found a radiant altar of Vehumet.
  3578 | D:5      | Found an iron altar of Okawaru.
  3618 | D:5      | Noticed Sigmund
  3630 | D:5      | Killed Sigmund
  3630 | D:5      | Reached skill level 5 in Shields
  4133 | D:5      | Found Xamykk's Jewellery Boutique.
  4221 | D:6      | Reached XP level 9. HP: 78/78 MP: 8/8
  4232 | D:6      | Identified the cursed ring "Lyvvu" {Int-4 Dex+4} (You found
                  | it on level 4 of the Dungeon)
  4253 | D:6      | Reached skill level 10 in Axes
  4273 | D:6      | Found Puiferon's Jewellery Boutique.
  4299 | D:6      | Found Myecaop's Weapon Shop.
  4526 | D:6      | Found a radiant altar of Vehumet.
  5098 | D:7      | You fall into a shaft and drop 1 floor!
  5127 | D:8      | Reached ***** piety under Trog
  5158 | D:8      | Noticed Harold
  5169 | D:8      | Killed Harold
  5169 | D:8      | Reached skill level 11 in Axes
  5357 | D:8      | Reached XP level 10. HP: 86/86 MP: 9/9
  5761 | D:7      | Noticed a cyclops
  5768 | D:7      | Killed a cyclops
  6432 | D:9      | Reached skill level 12 in Axes
  6719 | D:9      | Found a white marble altar of Elyvilon.
  6852 | D:9      | Found a shattered altar of Ashenzari.
  7023 | D:9      | Found Egu Coim's Jewellery Shop.
  7487 | D:10     | Entered Level 10 of the Dungeon
  7595 | D:10     | Found a staircase to the Lair.
  7677 | D:10     | Killed an unseen horror
  7677 | D:10     | Reached skill level 10 in Shields
  7738 | D:10     | Received a gift from Trog
  7823 | D:10     | Reached XP level 11. HP: 71/95 MP: 3/10
  8103 | D:10     | Found a staircase to the Orcish Mines.
  8120 | D:10     | Reached skill level 13 in Axes
  8301 | D:11     | Found Zikakuho's Weapon Shoppe.
  8316 | D:11     | Found Vuerch's Antique Weapon Shop.
  8835 | D:11     | Noticed a two-headed ogre
  8849 | D:11     | Killed a two-headed ogre
  8881 | D:11     | Reached skill level 14 in Axes
  8966 | D:11     | Reached skill level 1 in Stealth
  8971 | D:11     | Reached ****** piety under Trog
  9031 | D:11     | Noticed a purple ugly thing
  9059 | D:11     | Killed a purple ugly thing
  9071 | D:11     | Reached XP level 12. HP: 32/106 MP: 3/11
  9381 | D:11     | Received a gift from Trog
  9491 | D:12     | Found a gate leading to a gauntlet.
  9496 | Gauntlet | Entered a Gauntlet
  9496 | Gauntlet | Found a large runed translucent door.
  9496 | Gauntlet | Found a large runed translucent door.
  9496 | Gauntlet | Found a large runed translucent door.
  9496 | Gauntlet | Found a large runed translucent door.
  9496 | Gauntlet | Found a runed translucent door.
  9496 | Gauntlet | Found a large runed translucent door.
  9496 | Gauntlet | Found a large runed translucent door.
  9496 | Gauntlet | Found a transporter.
  9496 | Gauntlet | Found a transporter.
  9496 | Gauntlet | Found a large runed translucent door.
  9496 | Gauntlet | Found a large runed translucent door.
  9496 | Gauntlet | Found a runed translucent gate.
  9496 | Gauntlet | Found a runed translucent gate.
  9496 | Gauntlet | Found a transporter.
  9496 | Gauntlet | Found a transporter.
  9516 | Gauntlet | Found a transporter.
  9525 | Gauntlet | Noticed a blizzard demon
  9528 | Gauntlet | Found a transporter.
  9530 | Gauntlet | Found a transporter.
  9540 | Gauntlet | Found a transporter.
  9589 | Gauntlet | Found a runed translucent door.
  9590 | Gauntlet | Found a large runed translucent door.
  9590 | Gauntlet | Found a large runed translucent door.
  9590 | Gauntlet | Found a large runed translucent door.
  9590 | Gauntlet | Found a large runed translucent door.
  9591 | Gauntlet | Found a large runed translucent door.
  9591 | Gauntlet | Found a large runed translucent door.
  9592 | Gauntlet | Found a large runed translucent door.
  9592 | Gauntlet | Found a large runed translucent door.
  9602 | Gauntlet | Found a runed translucent gate.
  9608 | Gauntlet | Found a transporter.
  9618 | Gauntlet | Found a transporter.
  9622 | Gauntlet | Found a transporter.
  9631 | Gauntlet | Noticed a ghost crab
  9634 | Gauntlet | Found a transporter.
  9710 | Gauntlet | Noticed a reaper
  9782 | Gauntlet | Reached skill level 10 in Fighting
  9809 | Gauntlet | HP: 3/106 [sixfirhy (11)]
  9810 | Gauntlet | Mangled by a sixfirhy

Levels and vault maps discovered:
D:1:      elethiomel_arrival_infinity_welcomes_careful_drivers, layout_basic,
          corexii_item_surrounded_by_moat, minmay_circled_x
D:2:      layout_basic
D:3:      layout_loops_corners, portal_sewer_entry_b
D:4:      layout_gridville, nemelex_xobeh_ov_fountains_minmay,
          minmay_temple_entry_proselytizer, serial_shops, shop, uniq_menkaure,
          uniq_pikel
D:5:      layout_rooms, minitemple, serial_shops, nicolae_shop_behind_doors,
          first_ration, uniq_sigmund
D:6:      layout_loops_ring, serial_shops, shop, nicolae_shop_waterfront,
          lemuel_statue_altar
D:7:      layout_loops_corners, the_bakery
D:8:      layout_cave_pools, minmay_misc_feat_four_crosses, uniq_harold
D:9:      layout_basic, kennysheep_mini_moat, ashenzari_altar_1, serial_rivers,
          chequers_serial_rivers_micro_d, chequers_serial_rivers_micro_b,
          chequers_serial_rivers_micro_e, chequers_serial_rivers_micro_c,
          serial_shops, shop
D:10:     layout_loops_ring, lair_entry_dummy,
          kennysheep_orc_monster_closet_entryway, minmay_nine_imps
D:11:     layout_loops_ring, serial_shops, nicolae_shop_waterfront,
          kennysheep_mini, kennysheep_generic_room_13
D:12:     layout_roguey, gauntlet_entry_generic, lightli_fourway_metalbox
Gauntlet: gammafunk_gauntlet_hard_choice
          [minmay_gauntlet_arena_make_your_own_arena,
          nicolae_gauntlet_arena_t_cross,
          gammafunk_gauntlet_arena_split_diamond,
          gammafunk_gauntlet_arena_teeth, nicolae_gauntlet_swirl,
          gammafunk_gauntlet_arena_spirals,
          nicolae_gauntlet_exit_dead_adventurers]

Skill      XL: |  1  2  3  4  5  6  7  8  9 10 11 12 |
---------------+-------------------------------------+-----
Axes           | 4 5 6 7 8 9 11 12 14 | 14.6
Fighting       | 4 5 6 7 8 9 10 | 10.1
Armour         | 3 5 6 7 8 |  8.9
Shields        | 3 6 7 10 12 | 12.1
Dodging        | 3 4 |  4.5
Stealth        | 1 |  1.1

Action                   |  1- 3 |  4- 6 |  7- 9 | 10-12 || total
-------------------------+-------+-------+-------+-------++-------
Melee: Hand axe          |   102 |   202 |   281 |   288 ||   873
       Headbutt          |    20 |    31 |    70 |   121 ||   242
       Broad axe         |       |       |       |   275 ||   275
Invok: Berserk           |     1 |     4 |     6 |     7 ||    18
       Trog's Hand       |       |     1 |     3 |     3 ||     7
  Use: Scroll            |     2 |     5 |     3 |     9 ||    19
  Eat: Chunk             |     2 |     8 |     6 |     7 ||    23
       Ration            |       |     1 |     3 |     4 ||     8
Armor: Animal skin       |     3 |       |       |       ||     3
       Chain mail        |    51 |    98 |    66 |    16 ||   231
       Plate armour      |       |       |       |   144 ||   144
Dodge: Dodged            |    48 |    42 |    64 |    91 ||   245
Block: Other             |    12 |     4 |       |       ||    16
       Reflection        |     1 |     4 |     3 |    18 ||    26
       Shield            |       |    92 |   168 |   400 ||   660
